Map: Deathaura LE

Players

Probe

  • Race: Protoss Protoss
  • Spawn Location: 11:00

TeebuL - Winner!

  • Race: Protoss Protoss
  • Spawn Location: 5:00

Event: DreamHack SC2 Masters 2020 Winter

VOD

Have the link to the VOD?

Description

Time

  • Played on: Oct. 22, 2020, 6:33 a.m.
  • Length: 14:40

All games in this series

Show
View Real Time Build Order
Export as new Build Order

Probe Protoss 

Build Orders: Phoenix Opening 

Get SALT Encoding   

  12  0:00  Probe  
  13  0:12  Probe  
  14  0:17  Pylon  
  14  0:24  Probe (Chrono Boost)  
  15  0:36  Probe (Chrono Boost)  
  15  0:37  Gateway  
  16  0:43  Probe (Chrono Boost)  
  16  0:47  Assimilator  
  17  0:51  Probe  
  17  0:56  Assimilator  
  18  1:03  Probe (Chrono Boost)  
  19  1:08  Gateway  
  19  1:13  Probe (Chrono Boost)  
  19  1:18  Probe (Chrono Boost)  
  20  1:25  Cybernetics Core  
  21  1:30  Probe  
  22  1:35  Pylon  
  22  1:42  Probe  
  23  1:54  Probe  
  24  2:01  Warp Gate, Adept x2  
  26  2:06  Probe  
  29  2:13  Pylon  
  29  2:22  Shield Battery  
  29  2:24  Probe  
  30  2:31  Stalker x2  
  34  2:46  Probe  
  34  2:47  Stargate  
  34  2:48  Pylon  
  35  2:57  Shield Battery  
  35  3:10  Probe  
  36  3:24  Shield Battery  
  36  3:29  Phoenix (Chrono Boost)  
  38  3:39  Nexus  
  38  3:45  Phoenix (Chrono Boost)  
  38  3:46  Shield Battery  
  40  3:57  Sentry x2  
  40  4:00  Pylon, Probe  
  44  4:10  Robotics Facility  
  44  4:12  Probe  
  44  4:15  Shield Battery  
  45  4:24  Probe  
  46  4:36  Probe  
  47  4:38  Forge  
  47  4:48  Probe (Chrono Boost)  
  47  4:49  Pylon, Twilight Council  
  47  4:51  Probe (Chrono Boost)  
  46  5:01  Stalker, Probe (Chrono Boost)  
  46  5:03  Observer, Probe (Chrono Boost)  
  46  5:06  Probe (Chrono Boost)  
  50  5:07  Stalker  
  50  5:08  Probe (Chrono Boost)  
  50  5:15  Probe  
  50  5:18  Probe  
  50  5:25  Blink (Chrono Boost)  
  50  5:27  Probe  
  51  5:30  Probe  
  51  5:33  Assimilator  
  52  5:39  Probe  
  53  5:43  Probe  
  53  5:47  Stalker x2  
  56  5:51  Probe  
  56  5:55  Probe  
  56  6:01  Protoss Ground Weapons Level 1 (Chrono Boost)  
  56  6:03  Probe  
  57  6:07  Probe  
  57  6:10  Pylon  
  58  6:12  Stalker  
  58  6:15  Probe  
  60  6:19  Probe  
  60  6:25  Stalker  
  60  6:27  Probe  
  60  6:31  Probe  
  59  6:38  Observer  
  61  6:40  Probe  
  61  6:43  Nexus, Probe  
  61  6:45  Pylon  
  62  6:52  Stalker x2, Probe  
  67  6:55  Probe  
  68  7:01  Gateway  
  68  7:04  Probe  
  68  7:05  Gateway  
  69  7:13  Gateway x2  
  69  7:15  Charge (Chrono Boost), Shield Battery  
  67  7:24  Probe x2  
  67  7:35  Templar Archives  
  67  7:36  Probe  
  68  7:37  Gateway  
  68  7:40  Gateway  
  69  7:46  Sentry  
  70  8:00  Zealot  
  70  8:03  Shield Battery  
  70  8:04  Photon Cannon, Shield Battery  
  72  8:05  Shield Battery  
  72  8:08  Pylon  
  72  8:10  Zealot x2  
  76  8:14  High Templar  
  76  8:23  Zealot x3  
  75  8:29  Probe x2  
  75  8:31  Zealot x2  
  81  8:34  Stalker  
  81  8:36  Probe  
  81  8:41  Probe  
  85  8:42  High Templar  
  85  8:43  Probe  
  85  8:44  Protoss Ground Weapons Level 2 (Chrono Boost)  
  88  8:51  Probe (Chrono Boost)  
  88  8:53  Probe (Chrono Boost)  
  88  8:55  Probe (Chrono Boost)  
  89  8:59  Assimilator  
  83  9:02  Observer  
  83  9:03  Archon  
  83  9:04  Probe x2 (Chrono Boost)  
  83  9:05  Probe (Chrono Boost)  
  83  9:06  Zealot x3  
  83  9:08  Probe (Chrono Boost)  
  88  9:14  Zealot x2  
  91  9:22  Photon Cannon  
  91  9:27  Photon Cannon x2  
  91  9:35  High Templar x2, Warp Prism  
  91  9:38  Zealot  
  98  9:41  Archon  
  98  9:47  Nexus  
  98  9:54  Probe x3  
  98  9:55  Assimilator x2  
  101  10:06  High Templar x2, Probe x2  
  107  10:07  Zealot x3  
  107  10:12  Archon  
  113  10:15  Observer  
  110  10:29  Zealot x2  
  110  10:30  Zealot x2  
  110  10:31  Pylon  
  110  10:32  Pylon  
  110  10:34  Pylon  
  116  10:39  Observer  
  116  10:43  Pylon, Observer  
  117  10:50  Pylon  
  117  10:53  High Templar x2, Pylon  
  117  10:54  Zealot x6  
  133  10:58  Archon  
  133  11:05  Photon Cannon  
  133  11:08  Photon Cannon  
  133  11:10  Shield Battery  
  133  11:13  Dark Shrine  
  133  11:20  High Templar x3  
  133  11:21  Zealot x3  
  133  11:25  Archon  
  145  11:29  Probe x4  
  144  11:41  Probe x2  
  144  11:46  Zealot x5  
  115  11:56  Zealot x3  
  115  11:58  Probe  
  115  11:59  Probe x2  
  80  12:04  High Templar x2  
  80  12:05  Phoenix (Chrono Boost)  
  78  12:09  Archon, Stargate  
  78  12:10  High Templar, Zealot x3  
  78  12:11  Zealot  
  88  12:20  High Templar  
  90  12:22  Shield Battery  
  90  12:24  Archon, Shield Battery  
  90  12:28  Zealot x2  
  94  12:34  Gateway  
  94  12:36  Gateway  
  94  12:38  Phoenix (Chrono Boost)  
  94  12:43  Zealot x2  
  94  12:44  Zealot x4  
  106  12:48  Assimilator  
  106  12:49  Assimilator  
  104  12:56  Phoenix (Chrono Boost)  
  108  13:01  Phoenix (Chrono Boost)  
  108  13:05  Zealot x6  
  108  13:11  Phoenix (Chrono Boost)  
  108  13:12  Dark Templar  
  112  13:13  Dark Templar  
  106  13:26  Zealot x6  
  80  13:40  Observer x2  
  75  13:48  Dark Templar x4  
  68  13:57  Phoenix  
  68  13:58  Nexus  
  70  14:05  High Templar x2  
  70  14:07  Archon x2  
  74  14:11  High Templar x2  
  74  14:12  Archon  
  74  14:16  Pylon  
  78  14:17  Archon  
Show
View Real Time Build Order
Export as new Build Order

TeebuL Protoss - Winner!

Build Orders: Phoenix Opening, Mass Phoenix 

Get SALT Encoding   

  12  0:00  Probe  
  13  0:12  Probe  
  14  0:16  Pylon  
  14  0:24  Probe (Chrono Boost)  
  16  0:36  Probe (Chrono Boost)  
  16  0:37  Gateway  
  16  0:42  Probe (Chrono Boost)  
  16  0:45  Assimilator  
  17  0:51  Probe  
  17  0:54  Assimilator  
  18  1:03  Probe (Chrono Boost)  
  19  1:07  Gateway  
  19  1:15  Probe (Chrono Boost)  
  20  1:21  Probe (Chrono Boost)  
  20  1:24  Cybernetics Core  
  21  1:29  Probe  
  22  1:37  Pylon  
  22  1:41  Probe  
  23  1:55  Probe  
  23  2:01  Adept x2  
  26  2:05  Pylon  
  26  2:06  Warp Gate  
  28  2:27  Pylon, Stargate  
  28  2:33  Stalker  
  28  2:35  Stalker  
  32  2:42  Probe  
  33  2:52  Shield Battery  
  33  2:58  Shield Battery  
  32  3:12  Phoenix (Chrono Boost)  
  34  3:24  Shield Battery  
  35  3:32  Nexus  
  34  3:34  Phoenix (Chrono Boost)  
  36  3:41  Pylon  
  36  3:53  Phoenix  
  38  3:56  Probe  
  39  4:08  Probe  
  40  4:16  Twilight Council  
  40  4:20  Phoenix (Chrono Boost)  
  40  4:21  Probe  
  41  4:33  Probe  
  41  4:36  Phoenix  
  43  4:47  Probe (Chrono Boost)  
  43  4:50  Probe (Chrono Boost)  
  44  4:55  Charge  
  46  5:00  Probe (Chrono Boost)  
  46  5:01  Phoenix, Probe (Chrono Boost)  
  46  5:05  Probe (Chrono Boost)  
  49  5:10  Probe (Chrono Boost)  
  50  5:16  Probe (Chrono Boost)  
  50  5:20  Gateway  
  51  5:26  Phoenix  
  51  5:27  Probe x2 (Chrono Boost)  
  55  5:32  Probe (Chrono Boost)  
  55  5:33  Probe (Chrono Boost)  
  57  5:48  Probe  
  58  5:50  Gateway  
  58  5:54  Phoenix  
  58  5:55  Gateway  
  60  6:04  Probe  
  60  6:05  Probe  
  60  6:10  Nexus  
  62  6:11  Forge, Pylon  
  62  6:22  Probe  
  61  6:30  Probe  
  62  6:34  Zealot x3, Probe  
  69  6:40  Pylon  
  69  6:44  Probe  
  70  6:53  Protoss Ground Weapons Level 1 (Chrono Boost), Probe  
  67  6:55  Zealot  
  67  6:59  Probe  
  67  7:00  Robotics Facility  
  70  7:04  Pylon, Zealot x4  
  78  7:11  Photon Cannon  
  78  7:13  Pylon  
  78  7:22  Probe x2  
  80  7:25  Probe  
  80  7:28  Gateway  
  80  7:29  Zealot x2  
  85  7:30  Zealot, Sentry  
  85  7:31  Sentry  
  85  7:34  Probe x2  
  93  7:37  Assimilator, Probe  
  93  7:42  Photon Cannon  
  94  7:46  Probe x2  
  94  7:48  Observer (Chrono Boost)  
  94  7:49  Probe  
  98  7:53  Zealot x2  
  98  7:54  Zealot  
  105  7:58  Probe  
  105  8:01  Pylon, Zealot  
  105  8:02  Zealot  
  109  8:08  Dark Shrine  
  109  8:19  Observer  
  104  8:33  Zealot x6  
  100  8:39  Probe  
  100  8:40  Probe x2  
  93  8:42  Assimilator  
  93  8:43  Assimilator  
  85  8:53  Zealot x6  
  89  8:56  Gateway  
  89  9:00  Gateway  
  71  9:13  Observer  
  69  9:19  Dark Templar  
  69  9:20  Dark Templar x3  
  69  9:24  Dark Templar, Immortal (Chrono Boost)  
  69  9:25  Dark Templar x3, Zealot  
  69  9:29  Photon Cannon, Shield Battery  
  69  9:30  Shield Battery  
  69  9:31  Archon x2  
  83  9:35  Protoss Ground Weapons Level 2 (Chrono Boost)  
  83  9:39  Assimilator  
  83  9:45  Robotics Bay  
  83  9:48  Robotics Facility  
  83  9:54  Sentry  
  83  9:55  Zealot  
  83  9:57  Immortal (Chrono Boost)  
  87  10:05  Zealot  
  87  10:06  Zealot x4  
  101  10:19  Observer  
  97  10:31  Disruptor x2 (Chrono Boost)  
  97  10:32  Nexus  
  97  10:33  Pylon  
  103  10:37  Zealot x3  
  109  10:46  Gateway  
  109  10:53  Dark Templar x3, Pylon  
  109  10:54  Dark Templar  
  109  10:56  Pylon  
  117  10:58  Photon Cannon, Pylon  
  117  10:59  Shield Battery  
  117  11:00  Archon x2, Pylon  
  117  11:09  Blink  
  117  11:10  Disruptor  
  120  11:13  Probe x3  
  120  11:14  Pylon  
  121  11:22  Zealot x2  
  121  11:23  Zealot  
  126  11:27  Dark Templar  
  126  11:29  Disruptor  
  125  11:49  Zealot x7  
  111  12:02  Probe (Chrono Boost)  
  111  12:03  Probe x3 (Chrono Boost)  
  111  12:04  Disruptor (Chrono Boost)  
  111  12:05  Disruptor (Chrono Boost)  
  117  12:10  Zealot x3  
  117  12:14  Probe (Chrono Boost)  
  117  12:15  Probe x2 (Chrono Boost)  
  127  12:21  Probe (Chrono Boost)  
  128  12:23  Probe x3 (Chrono Boost)  
  128  12:25  Zealot  
  128  12:27  Probe (Chrono Boost)  
  133  12:39  Zealot x6  
  145  12:49  Disruptor x2 (Chrono Boost)  
  151  12:51  Photon Cannon  
  151  12:56  Pylon  
  147  13:06  Dark Templar x5  
  147  13:07  Zealot x2  
  134  13:35  Zealot x3  
  134  13:38  Observer x2  
  142  13:45  Zealot x5  
  142  13:46  Assimilator  
  142  13:48  Assimilator  
  148  13:49  Pylon  
  144  14:06  Stalker x6  
  144  14:07  Stalker x2  
  160  14:10  Observer x2  
  160  14:16  Photon Cannon  
  162  14:25  Nexus  
Tags
 
Add a new tag
Caveats
  • Supply blocks, unpowered buildings, or Contaminate may cause inaccurate times.
  • Supply counts are checked every 10 seconds.